 Dungeon Crawl Stone Soup version 0.30.1-4-g462c640d31 (webtiles) character file.

Game seed: 17952382198492640314

164 spardeous the Chopper (level 5, -3/45 HPs)
             Began as a Demigod Fighter on Aug 22, 2023.
             Slain by an iguana (9 damage)
             ... on level 4 of the Dungeon.
             The game lasted 00:03:58 (3629 turns).

spardeous the Chopper (Demigod Fighter)             Turns: 3629, Time: 00:03:58

Health: -3/45      AC: 10    Str: 21    XL:     5   Next: 0%
Magic:  7/7        EV:  7    Int: 10    God:
Gold:   125        SH:  4    Dex: 13    Spells: 4/4 levels left

rFire   . . .        a - +0 war axe
rCold   . . .        c - +0 buckler
rNeg    . . .        t - +0 chain mail
rPois   .            o - +0 helmet
rElec   .            (no cloak)
rCorr   .            (no gloves)
SInv    +            (no boots)
Will    .....        (no amulet) Stlth
                     z - ring of see invisible
HPRegen 0.27/turn    (no ring)
MPRegen 0.10/turn

%: no passive effects
@: brilliant, flying
A: high MP 1, forlorn, divine attributes
a: no special abilities


You were on level 4 of the Dungeon.
You visited 1 branch of the dungeon, and saw 4 of its levels.

You collected 125 gold pieces.

Inventory:

Hand Weapons
 a - a +0 war axe (weapon)
 y - a +0 heavy hand axe
Missiles
 h - 4 throwing nets (quivered)
Armour
 b - a +0 scale mail
 c - a +0 buckler (worn)
 o - a +0 helmet (worn)
 t - a +0 chain mail (worn)
Jewellery
 z - a ring of see invisible (left hand)
Wands
 u - a wand of roots (13)
 x - a wand of digging (1)
Scrolls
 e - a scroll of vulnerability {unknown}
 f - 3 scrolls of amnesia {unknown}
 g - a scroll of fog {unknown}
 l - a scroll of immolation {unknown}
 p - 3 scrolls of magic mapping {unknown}
 r - 3 scrolls of identify {unknown}
 s - a scroll of noise {unknown}
 v - a scroll of teleportation {unknown}
 w - a scroll of silence {unknown}
Potions
 d - a potion of might
 i - a potion of curing {unknown}
 j - 3 potions of brilliance
 k - a potion of flight
 m - a potion of lignification {unknown}
 n - a potion of haste {unknown}
 q - a potion of resistance {unknown}


   Skills:
 - Level 3.6 Fighting
 + Level 4.3 Axes
 - Level 2.6 Armour
 - Level 2.6 Shields


You had 4 spell levels left.
You didn't know any spells.
Your spell library was empty.

Dungeon Overview and Level Annotations

Branches:
Dungeon (4/15)
 Temple: D:4-7

Annotations:
D:3 2 transporters, Xrynn's ghost, amateur MiBe


Innate Abilities, Weirdness & Mutations

You have an increased reservoir of magic. (+10% MP)
You shall have no god before yourself.
Your divine heritage dramatically boosts your attributes as you level up.


Message History

The iguana is severely wounded.
The iguana bites you.
* * * LOW HITPOINT WARNING * * *
You take 5 damage, and have 5/45 hp.
Unknown command.
Unknown command.
You hit the iguana but do no damage.
The iguana is severely wounded.
The iguana barely misses you. You block the iguana's attack.
Unknown command.
You barely miss the iguana.
The iguana is severely wounded.
The iguana bites you but does no damage.
It was a potion of brilliance.
You feel clever all of a sudden. The iguana bites you.
* * * LOW HITPOINT WARNING * * *
You take 3 damage, and have 3/45 hp.
It was a potion of flight.
You feel very buoyant.
You fly up into the air.
You block the iguana's attack.
You barely miss the iguana.
The iguana is severely wounded.
The iguana closely misses you.
You closely miss the iguana.
The iguana is severely wounded.
The iguana closely misses you. The iguana completely misses you.
You closely miss the iguana.
The iguana is severely wounded.
The iguana bites you but does no damage.
You barely miss the iguana.
The iguana is severely wounded.
The iguana bites you but does no damage.
You closely miss the iguana.
The iguana is severely wounded.
The iguana bites you but does no damage. x2
You hit the iguana.
The iguana is almost dead.
The iguana bites you!
You die...

###. #... ###... ...
#..... .... #.....
..... #..... .....
#!..#######....#
#..l@.(.........
..........#.........#
.####..###...##.#.#.
#.......<...... #
#..###...##.#.#.# #..
##.###.#.#.# # #.#
#.# #....#.# # ..
#.###...# #.##
#......## ##..


You could see an iguana.

Vanquished Creatures
  3 gnolls (D:3)
  4 adders
  A worm (D:2)
  A dart slug (D:3)
  4 orcs (D:3)
  5 ball pythons
  8 endoplasms
  5 giant cockroaches
  5 hobgoblins
  15 jackals
  9 kobolds
  A quokka (D:2)
  4 bats
  8 frilled lizards
  5 goblins
  5 rats (D:1)
83 creatures vanquished.

Notes
Turn   | Place    | Note
-------+----------+-------------------------------------------
     0 | D:1      | spardeous the Demigod Fighter began the quest for the Orb.
     0 | D:1      | Reached XP level 1. HP: 18/18 MP: 3/3
    39 | D:1      | Reached skill level 2 in Axes
    81 | D:1      | Reached XP level 2. HP: 26/26 MP: 4/4
   328 | D:1      | You fall into a shaft and drop 1 floor!
   433 | D:1      | Reached XP level 3. HP: 31/31 MP: 5/5
   989 | D:2      | Reached skill level 3 in Axes
  1552 | D:3      | Reached XP level 4. HP: 39/39 MP: 6/6
  1926 | D:3      | Reached skill level 4 in Axes
  2175 | D:3      | Reached XP level 5. HP: 36/45 MP: 7/7
  2304 | D:3      | Noticed Xrynn's ghost (amateur MiBe)
  2345 | D:3      | Found a transporter.
  2351 | D:3      | Found a transporter.
  2780 | D:3      | Found a transporter.
  2780 | D:3      | Found a transporter.
  3358 | D:3      | Found a transporter.
  3358 | D:3      | Found a transporter.
  3629 | D:4      | Slain by an iguana

Illustrated notes

Levels and vault maps discovered:
D:1:      erik_arrival_triangle_medium, layout_basic
D:2:      layout_loops_cross, basic_altar, minmay_box_of_dots
D:3:      layout_loops_ring, pdpol_temple_overflow_zin_treasury_gozag_greed,
          general_overflow_altar, gammafunk_ghost_gnarly_gnolls
D:4:      layout_loops_ring, grunt_temple_overflow_champion_of_chaos,
          dk_yredelemnul_ordeal, mainiacjoe_overflow_concentric_impassable,
          mainiacjoe_overflow_alcove_1, minmay_temple_entry_ruins,
          hangedman_decor_peaks_small

Skill      XL: |  1  2  3  4 |
---------------+-------------+-----
Axes           | 2 3 4 |  4.3
Fighting       | 3 |  3.6
Armour         | |  2.6
Shields        | |  2.6

Action                     |  1- 3 |  4- 6 || total
---------------------------+-------+-------++-------
  Melee: War axe           |   164 |   115 ||   279
    Use: Potion            |       |     2 ||     2
 Armour: Scale mail        |    95 |       ||    95
         Chain mail        |     8 |    79 ||    87
  Dodge: Dodged            |    71 |    49 ||   120
  Block: Buckler           |    42 |    30 ||    72
